 Dungeon Crawl Stone Soup version 0.24.0-13-gcf9b319 (webtiles) character file.

Game seed: 11140953396146410002, levelgen mode: deterministic

53 Bronimir the Stinger (level 3, -3/31 HPs)
             Began as a Naga Venom Mage on Mar 26, 2020.
             Slain by a gnoll
             ... wielding a +0 spear
              (5 damage)
             ... on level 2 of the Dungeon.
             The game lasted 00:02:44 (1869 turns).

Bronimir the Stinger (Naga Venom Mage)              Turns: 1869, Time: 00:02:44

Health: -3/31      AC:  2    Str: 10    XL:     3   Next: 87%
Magic:  0/6        EV: 10    Int: 16    God:
Gold:   61         SH:  0    Dex: 11    Spells: 0/6 levels left

rFire    . . .     SeeInvis +   d - -2 short sword (curse)
rCold    . . .     Gourm    .   (no shield)
rNeg     . . .     Faith    .   a - +0 robe
rPois    +         Spirit   .   (no helmet)
rElec    .         Reflect  .   (no cloak)
rCorr    .         Harm     .   (no gloves)
MR       .....                  (no barding)
Stlth    +++.......             (no amulet)
HPRegen  0.10/turn              j - ring of stealth
MPRegen  0.10/turn              (no ring)

@: very slightly contaminated, very slow
A: large, see invisible, deformed body, poison resistance, slowness 2, slow
metabolism 1, spit poison 1, AC +1
a: Spit Poison


You were on level 2 of the Dungeon.
You were hungry.

You visited 1 branch of the dungeon, and saw 2 of its levels.

You collected 61 gold pieces.

Inventory:

Hand Weapons
 d - a cursed -2 short sword (weapon)
 e - a cursed +0 spear
 m - a +1 short sword of protection
Missiles
 f - 53 stones
 i - 6 javelins
 o - 17 poisoned darts (quivered)
Armour
 a - a +0 robe (worn)
 k - a +0 ring mail
Jewellery
 j - a ring of stealth (left hand)
Scrolls
 h - 2 scrolls of identify
 l - a scroll of teleportation
Potions
 b - a potion of degeneration {unknown}
 g - a potion of resistance {unknown}
Comestibles
 c - 5 rations


   Skills:
 + Level 1.0 Fighting
 * Level 0.5 Armour
 + Level 2.2 Dodging
 - Level 3.0 Stealth
 + Level 2.1 Spellcasting
 * Level 1.2 Conjurations
 * Level 4.9 Poison Magic


You couldn't memorise any spells.
You knew the following spells:

 Your Spells              Type           Power        Failure   Level  Hunger
a - Sting                 Conj/Pois      ##..         6%          1    #......
b - Poisonous Vapours     Pois/Air       #.....       12%         2    ###....
c - Mephitic Cloud        Conj/Pois/Air  #.......     26%         3    ###....

Your spell library contained the following spells:

 Spells                   Type           Power        Failure   Level  Hunger
 Olgreb's Toxic Radiance  Pois           ###.....     26%         4    #####..
 Venom Bolt               Conj/Pois      ##........   85%         5    ######.


Dungeon Overview and Level Annotations

Branches:
Dungeon (2/15)

Altars:


Innate Abilities, Weirdness & Mutations

You cannot wear boots.
Your serpentine skin is tough. (AC +1)
You have supernaturally acute eyesight. (SInv)
Armour fits poorly on your strangely shaped body.
Your system is resistant to poisons. (rPois)
You cover ground very slowly.
You have a slow metabolism.
You can spit poison.


Message History

* * * LOW HITPOINT WARNING * * *
You barely miss the gnoll.
The gnoll is heavily wounded.
The gnoll barely misses you.
You hit the gnoll.
The gnoll is severely wounded.
The gnoll looks more healthy.
The gnoll hits you with a +0 spear.
* * * LOW HITPOINT WARNING * * *
Casting: Poisonous Vapours (safe; 12% risk of failure)
Confirm with . or Enter, or press ? or * to list all spells.
Aiming: Poisonous Vapours (safe; 12% risk of failure)
Press: ? - help, Dir - move target cursor, f/p - gnoll
Aim: a gnoll, wielding a +0 spear (severely wounded) Poisonous vapours surround the gnoll!
The gnoll is engulfed in poison gas.
The gnoll is poisoned.
The gnoll hits you with a +0 spear.
* * * LOW HITPOINT WARNING * * *
You hit the gnoll but do no damage.
The gnoll is almost dead.
The gnoll hits you with a +0 spear.
You die...

### .. #.
##.##.#####
#.....g@..#
##.##.###.#
########## #.
#.###..>.....#
..
#.....######.#
### #######
#.# #######
##.## #.....#
#.#.# #.....#
##.## #...#.##
#.#


You could see a gnoll.

Vanquished Creatures
  An adder (D:2)
  2 gnolls (D:2)
  An ooze (D:1)
  2 dart slugs (D:1)
  A leopard gecko (D:1)
  A bat (D:1)
  A goblin (D:1)
  A quokka (D:2)
  2 frilled lizards
  4 kobolds
  3 rats
19 creatures vanquished.

Notes
Turn   | Place    | Note
-------+----------+-------------------------------------------
     0 | D:1      | Bronimir the Naga Venom Mage began the quest for the Orb.
     0 | D:1      | Reached XP level 1. HP: 15/15 MP: 3/3
   102 | D:1      | Reached XP level 2. HP: 16/22 MP: 5/5
  1460 | D:2      | Reached XP level 3. HP: 6/28 MP: 0/6
  1468 | D:2      | Learned a level 2 spell: Poisonous Vapours
  1472 | D:2      | Learned a level 3 spell: Mephitic Cloud
  1858 | D:2      | Reached skill level 1 in Fighting
  1869 | D:2      | Slain by a gnoll

Levels and vault maps discovered:
D:1:      matt_arrival_diagonals, layout_loops_ring
D:2:      layout_loops_cross

Skill      XL: |  1  2  3 |
---------------+----------+-----
Dodging        | 2 |  2.2
Fighting       | 1 |  1.0
Armour         | |  0.5
Stealth        | |  3.0
Spellcasting   | |  2.1
Conjurations   | |  1.2
Poison Magic   | |  4.9

Action                   || total
-------------------------++-------
Melee: Short sword       ||    51
       Unarmed           ||     2
Throw: Dart              ||     3
 Cast: Sting             ||     8
       Poisonous Vapours ||     5
       Mephitic Cloud    ||     1
 Abil: Spit Poison       ||     7
  Use: Scroll            ||     5
 Stab: Sleeping          ||     7
       Confused          ||     1
  Eat: Chunk             ||     2
Armor: Robe              ||     4
Dodge: Dodged            ||    27
